 Dungeon Crawl Stone Soup version 0.30-a0-782-ge64f9170bb (webtiles) character file.

Game seed: 3711505669078096193

1924 vineage the Fighter (level 9, -3/64 HPs)
             Began as a Gargoyle Fighter on Feb 20, 2023.
             Was an Initiate of Okawaru.
             Slain by a wight
             ... wielding a +3 long sword
              (13 damage)
             ... on level 8 of the Dungeon.
             The game lasted 00:05:40 (6344 turns).

vineage the Fighter (Gargoyle Fighter)              Turns: 6344, Time: 00:05:41

Health: -3/64      AC: 19    Str: 22    XL:     9   Next: 17%
Magic:  9/9        EV:  7    Int: 11    God:    Okawaru [......]
Gold:   372        SH:  4    Dex:  9    Spells: 8/8 levels left

rFire   . . .      SeeInvis .    e - +5 double sword "Yporeqesho" {drain, rCorr Str-2 Int+2}
rCold   + . .      Faith    .    c - +0 buckler
rNeg    + . .      Spirit   .    y - +0 chain mail
rPois   ∞          Reflect  .    (no helmet)
rElec   +          Harm     .    B - +1 cloak
rCorr   +          Rampage  .    (no gloves)
Will    .....                    C - +0 pair of boots Stlth
                                 (no amulet)
HPRegen 0.30/turn                q - ring of protection from cold
MPRegen 0.11/turn                (no ring)

@: no status effects
A: sickness immunity, AC +6, negative energy resistance 1, electricity
resistance, torment resistance 1, petrification resistance
a: Renounce Religion


You were on level 8 of the Dungeon.
You worshipped Okawaru.
Okawaru was noncommittal.
You visited 2 branches of the dungeon, and saw 9 of its levels.

You collected 372 gold pieces.

Inventory:

Hand Weapons
 a - a +0 flail
 e - the +5 double sword "Yporeqesho" (weapon) {drain, rCorr Str-2 Int+2}
   (You acquired it on level 2 of the Dungeon)

   Str:       It affects your strength (-2).
   Int:       It affects your intelligence (+2).
   rCorr:     It protects you from acid and corrosion.
 s - a +1 war axe
Armour
 c - a +0 buckler (worn)
 y - a +0 chain mail (worn)
 B - a +1 cloak (worn)
 C - a +0 pair of boots (worn)
Jewellery
 q - a ring of protection from cold (left hand)
Wands
 n - a wand of charming (8)
Scrolls
 b - a scroll of identify
 g - 2 scrolls of teleportation
 j - 4 scrolls of enchant weapon
 m - a scroll of vulnerability
 o - a scroll of magic mapping
 x - a scroll of blinking
 E - a scroll of enchant armour
Potions
 d - 2 potions of might
 f - 2 potions of mutation
 h - a potion of heal wounds
 i - 2 potions of berserk rage
 k - 2 potions of haste
 l - a potion of cancellation
 p - 2 potions of magic
 r - 2 potions of brilliance
 t - 2 potions of flight
 u - a potion of lignification
 v - 3 potions of attraction
 w - a potion of degeneration {unknown}
 z - 4 potions of curing {unknown}
 A - a potion of ambrosia {unknown}
 D - a potion of invisibility {unknown}


   Skills:
 * Level 11.0 Fighting
 + Level 5.4 Long Blades
 - Level 2.0 Maces & Flails
 + Level 3.6 Armour
 + Level 3.6 Shields
 + Level 1.2 Invocations


You had 8 spell levels left.
You didn't know any spells.
Your spell library contained the following spells:

 Spells                   Type           Power      Damage    Failure   Level
 Blink                    Tloc           0%         N/A       99%         2
 Lesser Beckoning         Tloc           0%         N/A       99%         2
 Momentum Strike          Conj/Tloc      0%         3d8       99%         2
 Poisonous Vapours        Pois/Air       0%         N/A       99%         2
 Dazzling Flash           Conj/Hex       0%         N/A       100%        3
 Mephitic Cloud           Conj/Pois/Air  0%         N/A       100%        3
 Agony                    Necr           0%         N/A       100%        5
 Silence                  Hex/Air        0%         N/A       100%        5
 Cigotuvi's Dreadful Rot  Necr/Pois/Air  Unusable   N/A       N/A         2

Dungeon Overview and Level Annotations

Branches:
Dungeon (8/15)             Temple (1/1) D:7
   Lair: D:8-11

Altars:
Ashenzari
Cheibriados
Dithmenos
Elyvilon
Fedhas
Gozag
Hepliaklqana
Kikubaaqudgha
Makhleb
Nemelex Xobeh
Okawaru
Qazlal
Ru
Sif Muna
Trog
Uskayaw
Vehumet
Wu Jian
Xom
Yredelemnul
The Shining One


Innate Abilities, Weirdness & Mutations

You are immune to sickness and miasma.
Your stone body is resilient. (AC +6)
You are immune to poison.
You resist negative energy. (rN+)
You are resistant to electric shocks. (rElec)
You are resistant to unholy torment.
You are immune to petrification.


Message History

You are too injured to fight recklessly!
You are too injured to fight recklessly!
You are too injured to fight recklessly!
You are too injured to fight recklessly!
You are too injured to fight recklessly!
You are too injured to fight recklessly!
You are too injured to fight recklessly!
You are too injured to fight recklessly!
You are too injured to fight recklessly!
You are too injured to fight recklessly!
You are too injured to fight recklessly!
You are too injured to fight recklessly!
The wight attacks as you move away!
The wight hits you with a +3 long sword!
* * * LOW HITPOINT WARNING * * *
The orc hits you but does no damage.
Things that are here:
a +2 hand axe; a +0 robe You slash the orc!
You kill the orc!
Okawaru accepts your kill. The wight hits you with a +0 hand axe.
* * * LOW HITPOINT WARNING * * *
The wight hits you with a +0 hand axe.
* * * LOW HITPOINT WARNING * * *
You barely miss the wight.
The wight is moderately damaged.
The wight hits you but does no damage.
You closely miss the wight.
The wight is moderately damaged.
The wight hits you with a +0 hand axe.
* * * LOW HITPOINT WARNING * * *
You slash the wight!
You destroy the wight!
Okawaru accepts your kill.
Your Fighting skill increases to level 11!
You hit the wight.
The wight is moderately damaged.
The wight hits you with a +3 long sword!
You die...

..###### ...#
#..##.. ...#
#....# #..##
#....####... .
#.......#.###...
#...#...........
#.........#
###.....###)#
#......## #@#
#.#...## #z#
#.#...# #)....#
##.#...#
#####....
#..#...# ..
##.######
#....## #.....##
#......#


You could see a wight.

Vanquished Creatures
  A yak (D:6)
  An acid dragon (D:6)
  An ice beast (D:6)
  2 orc warriors
  A black bear (D:3)
  2 ogres
  A phantom (D:4)
  A necrophage (D:5)
  4 scorpions
  3 wights (D:8)
  2 hounds
  2 jellies
  3 orc priests
  Crazy Yiuf (D:3)
  2 iguanas (D:4)
  4 orc wizards
  4 gnolls
  6 adders
  2 white imps
  An ufetubus (D:6)
  7 worms
  16 orcs
  2 endoplasms (D:3)
  4 giant cockroaches
  11 goblins
  8 hobgoblins
  3 jackals (D:2)
  3 quokkas
  3 ball pythons
  4 bats
  4 frilled lizards
  4 kobolds
  8 rats
121 creatures vanquished.

Notes
Turn   | Place    | Note
-------+----------+-------------------------------------------
     0 | D:1      | vineage the Gargoyle Fighter began the quest for the Orb.
     0 | D:1      | Reached XP level 1. HP: 14/14 MP: 1/1
   143 | D:1      | Reached XP level 2. HP: 20/20 MP: 2/2
   150 | D:1      | Reached skill level 4 in Fighting
   630 | D:2      | Reached XP level 3. HP: 24/24 MP: 3/3
   889 | D:2      | Reached skill level 5 in Fighting
   923 | D:2      | Reached XP level 4. HP: 31/31 MP: 4/4
  1166 | D:2      | Identified a scroll of acquirement
  1166 | D:2      | Acquired the +5 double sword "Yporeqesho" {drain, rCorr
                  | Str-2 Int+2}
  1356 | D:3      | Found a runed translucent door.
  1357 | D:3      | Noticed Crazy Yiuf
  1365 | D:3      | Noticed a black bear
  1372 | D:3      | Killed a black bear
  1373 | D:3      | Reached skill level 6 in Fighting
  1373 | D:3      | Reached skill level 1 in Long Blades
  1373 | D:3      | Reached XP level 5. HP: 27/36 MP: 5/5
  1888 | D:3      | Killed Crazy Yiuf
  2004 | D:4      | Reached XP level 6. HP: 42/42 MP: 6/6
  2203 | D:4      | Reached skill level 7 in Fighting
  2510 | D:4      | Reached XP level 7. HP: 40/48 MP: 7/7
  2825 | D:4      | Reached skill level 8 in Fighting
  2903 | D:5      | Entered Level 5 of the Dungeon
  3171 | D:5      | Found a white marble altar of Elyvilon.
  3580 | D:6      | Reached XP level 8. HP: 26/56 MP: 8/8
  3908 | D:6      | Reached skill level 9 in Fighting
  4497 | D:6      | Noticed a yak
  4505 | D:6      | Killed a yak
  4544 | D:6      | Reached skill level 10 in Fighting
  4838 | D:7      | Reached skill level 5 in Long Blades
  5051 | D:7      | Found a staircase to the Ecumenical Temple.
  5071 | Temple   | Entered the Ecumenical Temple
  5385 | Temple   | Became a worshipper of Warmaster Okawaru
  5438 | D:7      | Reached XP level 9. HP: 47/63 MP: 9/9
  6323 | D:8      | Reached skill level 1 in Invocations
  6344 | D:8      | Reached skill level 11 in Fighting
  6344 | D:8      | Slain by a wight

Illustrated notes

Levels and vault maps discovered:
D:1:      psy_arrival_heroes, layout_rooms
D:2:      layout_loops_ring, serial_bayou_pond_a
D:3:      layout_basic, minmay_distorted, uniq_crazy_yiuf_cottage
D:4:      layout_gridville, nicolae_underground_beach
D:5:      layout_loops_cross, general_overflow_altar, kennysheep_generic_room_12
D:6:      minmay_cornered_nines, layout_basic
D:7:      layout_gridville, minmay_temple_entry_statues
D:8:      layout_rooms, nicolae_elevator_lobby_plus, uniq_gastronok, uniq_grum
Temple:   mainiacjoe_temple_cubbyholes

Skill      XL: |  1  2  3  4  5  6  7  8  9 |
---------------+----------------------------+-----
Fighting       | 4 5 6 7 8 10 11 | 11.0
Long Blades    | 1 2 3 5 |  5.4
Invocations    | 1 |  1.2
Maces & Flails | |  2.0
Armour         | |  3.6
Shields        | |  3.6

Action                     |  1- 3 |  4- 6 |  7- 9 || total
---------------------------+-------+-------+-------++-------
  Melee: Flail             |    63 |       |       ||    63
         War axe           |    37 |    11 |       ||    48
         Double sword      |       |    98 |   147 ||   245
    Use: Scroll            |       |     8 |    13 ||    21
 Armour: Scale mail        |    63 |    77 |    54 ||   194
         Chain mail        |       |       |    45 ||    45
  Dodge: Dodged            |    55 |    56 |    80 ||   191
  Block: Buckler           |    19 |    20 |    29 ||    68

Table legend: (Time is in decaauts)
 A = Elapsed time spent in this place.
 B = Non-inter-level travel time spent in this place.
 C = Inter-level travel time spent in this place.
 D = Time resting spent in this place.
 E = Time spent auto-exploring this place.
 F = Levels seen in this place.
 G = Mean time per level.
                   A        B        C        D        E       F      G
               +--------+--------+--------+--------+--------+-----+--------+
         Total |   6473 |   6171 |    302 |    657 |   4542 |   9 |  719.2 |
       Dungeon |   6115 |   5879 |    236 |    657 |   4256 |   8 |  764.4 |
        Temple |    357 |    291 |     66 |      0 |    286 |   1 |  357.0 |
               +--------+--------+--------+--------+--------+-----+--------+

Top non-repeatable levels by time:
     D:6: 1098 daAuts
     D:7: 1000 daAuts
     D:3: 942 daAuts
     D:4: 815 daAuts
     D:2: 762 daAuts
     D:5: 651 daAuts
     D:1: 470 daAuts
     D:8: 374 daAuts
  Temple: 357 daAuts
